 Dungeon Crawl Stone Soup version 0.23.2 (webtiles) character file.

Game seed: 4739349940509643291

1097 Marnok the Twirler (level 8, -8/66 HPs)
             Began as a Demonspawn Gladiator on Apr 4, 2019.
             Killed by nerve-wracking pain
             ... invoked by an orc priest
              (11 damage)
             ... on level 6 of the Dungeon.
             The game lasted 00:17:36 (4840 turns).

Marnok the Twirler (Demonspawn Gladiator)           Turns: 4840, Time: 00:17:36

Health: -8/66      AC: 10    Str: 15    XL:     8   Next: 10%
Magic:  8/8        EV: 14    Int: 10    God:
Gold:   65         SH:  0    Dex: 16    Spells: 7/7 levels left

rFire    . . .     SeeInvis .   a - +0 quarterstaff
rCold    + . .     Gourm    .   (shield currently unavailable)
rNeg     . . .     Faith    .   b - +3 leather armour
rPois    +         Spirit   .   (helmet restricted)
rElec    .         Reflect  .   v - +0 cloak (curse)
rCorr    .         Harm     .   s - +1 pair of gloves
MR       .....                  q - +0 pair of boots
Stlth    +++.......             (no amulet)
HPRegen  0.21/turn              j - ring of poison resistance
MPRegen  0.11/turn              n - ring of stealth

@: no status effects
A: horns 2, cold resistance 1, robust 1
a: no special abilities


You were on level 6 of the Dungeon.
You were not hungry.

You visited 1 branch of the dungeon, and saw 6 of its levels.
You also visited: Sewer.

You collected 245 gold pieces.
You spent 180 gold pieces at shops.

Inventory:

Hand Weapons
 a - a +0 quarterstaff (weapon)
 l - a +2 dagger of venom
 o - a +0 trident of distortion
 r - a +0 hand axe of freezing
 t - a +2 spear of venom
Missiles
 d - 3 throwing nets (quivered)
 i - 40 sling bullets
 k - 3 needles of sleeping
 u - 13 poisoned needles
Armour
 b - a +3 leather armour (worn)
 q - a +0 pair of boots (worn)
 s - a +1 pair of gloves (worn)
 v - a cursed +0 cloak (worn)
Jewellery
 e - a +2 ring of intelligence
 j - a ring of poison resistance (left hand)
 m - an uncursed ring of poison resistance
 n - a ring of stealth (right hand)
 p - an uncursed ring of wizardry
Scrolls
 g - 4 scrolls of remove curse
Potions
 c - a potion of mutation
 h - a potion of resistance
Comestibles
 f - 10 rations


   Skills:
 + Level 4.0 Fighting
 + Level 6.5 Staves
 + Level 2.0 Throwing
 + Level 2.9 Armour
 + Level 4.6 Dodging
 + Level 1.9 Stealth


You had 7 spell levels left.
You didn't know any spells.
Your spell library was empty.

Dungeon Overview and Level Annotations

Branches:
Dungeon (6/15)             Temple (0/1) D:4

Altars:
Qazlal
Ru

Shops:
D:5 !


Innate Abilities, Weirdness & Mutations

You have a pair of horns on your head.
Your flesh is cold resistant. (rC+)
You are robust. (+10% HP)


Message History

The orc warrior barely misses you.
You hit the orc warrior.
You headbutt the orc warrior, but do no damage.
The orc warrior is almost dead.
The orc warrior hits you with a +0 hand axe!
* * * LOW HITPOINT WARNING * * *
As you read the scroll labeled SUINAL SUOMU, it crumbles to dust.
The creatures around you are filled with an inner flame!
It was a scroll of immolation.
The orc warrior barely misses you. Something hits you but does no damage.
The crimson imp blinks!
The orc priest calls down the wrath of Beogh upon you.
Pain shoots through your body!
* * * LOW HITPOINT WARNING * * *
The shadow imp shouts, "Get thee gone, thou dissembling moon-mazed mish-mash!"
A puff of flame appears from out of thin air!
The puff of flame hits you but does no damage.
The orc priest calls upon Beogh to heal something.
The orc priest invokes the aid of Beogh against you.
Pain shoots through your body!
You die...

#......o......##
#######....#.....#
####.#.###..
#...o.......
##...........
#............
#............
#............
##@...........
##.............
#.)............
##.##..........
#..###........
#.## .......
###.####.#.....
#>............
#.#.####.#..##


You could see an orc priest.

Vanquished Creatures
  Menkaure (D:4)
  2 ogres
  A phantom (D:4)
  A crocodile (Sewer)
  A howler monkey (D:4)
  3 hounds
  4 orc priests
  2 orc wizards
  A bullfrog skeleton (D:6)
  5 worker ants
  2 iguanas
  5 adders
  A shadow imp (D:6)
  2 worms
  A dart slug (D:1)
  2 leopard geckos
  17 orcs
  3 bats
  6 giant cockroaches
  8 goblins
  4 hobgoblins
  2 jackals (Sewer)
  2 quokkas
  A ball python (D:2)
  3 frilled lizards
  5 kobolds
  A leopard gecko skeleton (D:4)
  5 rats
91 creatures vanquished.

Notes
Turn   | Place    | Note
-------+----------+-------------------------------------------
     0 | D:1      | Marnok the Demonspawn Gladiator began the quest for the
                  | Orb.
     0 | D:1      | Reached XP level 1. HP: 16/16 MP: 1/1
    88 | D:1      | Gained mutation: You have a pair of small horns on your
                  | head. [demonic ancestry]
    88 | D:1      | Reached XP level 2. HP: 17/22 MP: 2/2
   399 | D:2      | Reached skill level 3 in Staves
   485 | D:2      | Reached XP level 3. HP: 27/27 MP: 3/3
   835 | D:2      | Found a sacrificial altar of Ru.
   919 | D:3      | Reached XP level 4. HP: 18/34 MP: 4/4
  1384 | D:3      | Gained mutation: You are robust. (+10% HP) [potion of
                  | mutation]
  1384 | D:3      | Gained mutation: You have a pair of horns on your head.
                  | [potion of mutation]
  1394 | D:3      | Reached skill level 4 in Staves
  1669 | D:4      | Found a staircase to the Ecumenical Temple.
  1726 | D:4      | Gained mutation: Your flesh is cold resistant. (rC+)
                  | [demonic ancestry]
  1726 | D:4      | Reached XP level 5. HP: 38/42 MP: 5/5
  1809 | D:4      | Noticed Menkaure
  1822 | D:4      | Killed Menkaure
  1822 | D:4      | Reached skill level 1 in Armour
  1822 | D:4      | Reached skill level 1 in Stealth
  1822 | D:4      | Mutation became permanent: You have a pair of small horns
                  | on your head. [demonic ancestry]
  1822 | D:4      | Gained mutation: You have a pair of horns on your head.
                  | [demonic ancestry]
  1822 | D:4      | Reached XP level 6. HP: 4/51 MP: 6/6
  2109 | D:4      | Reached skill level 5 in Staves
  2315 | D:4      | You fall through a shaft!
  2315 | D:5      | Entered Level 5 of the Dungeon
  2540 | D:5      | Found a glowing drain.
  2560 | Sewer    | Entered a sewer
  2737 | Sewer    | Reached XP level 7. HP: 38/57 MP: 7/7
  3025 | D:5      | Found Jeckoko's Distillery.
  3041 | D:5      | Bought 2 potions of curing for 60 gold pieces
  3041 | D:5      | Bought 2 potions of curing for 60 gold pieces
  3041 | D:5      | Bought a potion of curing for 30 gold pieces
  3041 | D:5      | Bought a potion of curing for 30 gold pieces
  3658 | D:4      | Found a stormy altar of Qazlal.
  3769 | D:4      | Reached skill level 6 in Staves
  4440 | D:6      | Reached XP level 8. HP: 66/66 MP: 8/8
  4828 | D:6      | HP: 1/66 [orc priest/nerve-wracking pain (12)]
  4840 | D:6      | Killed from afar by an orc priest

Skill      XL: |  1  2  3  4  5  6  7  8 |
---------------+-------------------------+-----
Dodging        | 3 4 |  4.6
Staves         | 3 4 5 6 |  6.5
Throwing       | 2 |  2.0
Fighting       | 3 4 |  4.0
Armour         | 1 2 |  2.9
Stealth        | 1 |  1.9

Action                   |  1- 3 |  4- 6 |  7- 9 || total
-------------------------+-------+-------+-------++-------
Melee: Quarterstaff      |    69 |   133 |   111 ||   313
       Headbutt          |    11 |    31 |    24 ||    66
  Use: Scroll            |       |     5 |     8 ||    13
       Potion            |       |    12 |     8 ||    20
 Stab: Sleeping          |     1 |     2 |     2 ||     5
  Eat: Chunk             |       |     6 |     5 ||    11
       Ration            |       |       |     1 ||     1
Armor: Leather armour    |    17 |    21 |    41 ||    79
Dodge: Dodged            |    56 |    87 |   104 ||   247
